 Dungeon Crawl Stone Soup version 0.18-a0-1179-g120c792 (webtiles) character file.

19 Reinor the Scratcher (level 2, -1/12 HPs)
             Began as a Felid Transmuter on Jan 27, 2016.
             Slain by a jackal (3 damage)
             ... on level 1 of the Dungeon.
             The game lasted 00:00:50 (170 turns).

Reinor the Scratcher (Felid Transmuter)              Turns: 170, Time: 00:00:50

Health: -1/12      AC:  1    Str:  6    XL:     2   Next: 55%
Magic:  6/6        EV: 18    Int: 14    God:
Gold:   6          SH:  0    Dex: 16    Spells: 1 memorised, 4 levels left
                                        Lives:  0   Deaths: 0

rFire  . . .     SeeInvis +       - Unarmed
rCold  . . .     Gourm    .     (armour unavailable)
rNeg   . . .     Faith    .     (shield unavailable)
rPois  .         Spirit   .     (helmet unavailable)
rElec  .         Dismiss  .     (cloak unavailable)
rCorr  .         Reflect  .     (gloves unavailable)
SustAt .         Harm     .     (boots unavailable)
MR     .....                    (no amulet)
Stlth  ++........               (no ring)
                                (no ring)

@: appendage (expiring), quick, not resistant to hostile enchantments,
unstealthy
A: no armour, no weapons or thrown items, claws 1, fangs 3, horns 2, see
invisible, carnivore 3, speed 1, shaggy fur 1, slow metabolism 1, sharp paws
a: End Transformation


You were on level 1 of the Dungeon.
You were full.
You had grown temporary horns.
You visited 1 branch of the dungeon, and saw 1 of its levels.

You collected 6 gold pieces.

Inventory:

Missiles
 a - 12 arrows
Potions
 d - a potion of brilliance {unknown}
Books
 b - a book of Changes

   Spells                             Type                      Level
   a - Beastly Appendage              Transmutation                1
   b - Sticks to Snakes               Transmutation                2
   c - Spider Form                    Transmutation/Poison         3
   d - Ice Form                       Ice/Transmutation            4
   e - Blade Hands                    Transmutation                5
Comestibles
 c - a meat ration


   Skills:
 - Level 1.0 Fighting
 - Level 2.6 Dodging
 + Level 3.9 Unarmed Combat
 - Level 2.0 Spellcasting
 - Level 2.1 Transmutations


You had 4 spell levels left.
You knew the following spells:

 Your Spells              Type           Power        Failure   Level  Hunger
a - Beastly Appendage     Trmt           #.....       12%         1    ##.....


Dungeon Overview and Level Annotations

Branches:
Dungeon (1/15)

Altars:


Innate Abilities, Weirdness & Mutations

You cannot wear armour.
You are incapable of wielding weapons or throwing items.
You have sharp claws.
You have razor-sharp teeth.
You have supernaturally acute eyesight.
You are carnivorous and can eat meat at any time.
You cover ground quickly.
You are covered in fur (AC +1).
You have a slow metabolism.
Your sharp claws are effective at attacking unaware monsters.
You have a pair of horns on your head.


Message History

The jackal is heavily wounded.
The jackal closely misses you.
You claw the jackal!
You kill the jackal!
You scratch the giant gecko.
You kill the giant gecko!
Your transformation is almost over.
You barely miss the jackal. Your bite misses the jackal.
The jackal completely misses you. The jackal closely misses you.
You barely miss the jackal. The jackal closely misses you.
You barely miss the jackal. You headbutt the jackal.
You kill the jackal!
You barely miss the jackal. Your headbutt misses the jackal.
Your bite misses the jackal.
The jackal is moderately wounded.
The jackal closely misses you. x2
You closely miss the jackal. You bite the jackal.
The jackal is heavily wounded.
The jackal bites you.
You die...

#.##. #.####.# ## ...?#
#.####.##########. ....
#.##.............. #...
#.##...####.###### #...
#.##...####.# #(..
#........##.######
####..†######>......##......#
...........##..#.#..##......#
...........h@..#............#
...........##..###..###.....#
####...######.......# .....#
#... ####.#....# ###### #...
.....#.##.# #...
#..#.##.###### ##.#
#.......##...# #
#.##.#####...####
#.###......[##


You could see a jackal.

Vanquished Creatures
  An ooze (D:1)
  A giant gecko (D:1)
  3 bats (D:1)
  A giant cockroach (D:1)
  3 jackals (D:1)
  A giant newt (D:1)
  A kobold (D:1)
  2 rats (D:1)
13 creatures vanquished.

Notes
Turn   | Place    | Note
--------------------------------------------------------------
     0 | D:1      | Reinor the Felid Transmuter began the quest for the Orb.
     0 | D:1      | Reached XP level 1. HP: 9/9 MP: 4/4
    83 | D:1      | Reached XP level 2. HP: 12/12 MP: 6/6
   170 | D:1      | Slain by a jackal

Vault maps used:
D:1:      saegor_arrival_simple_b, item_on_display_b

Action                   || total
-------------------------++-------
Melee: Unarmed           ||    30
 Cast: Beastly Appendage ||     1
  Use: Scroll            ||     1
 Stab: Sleeping          ||     2
  Eat: Chunk             ||     2
